 Dungeon Crawl Stone Soup version 0.26-a0-255-gd5f3108e62 (webtiles) character file.

Game seed: 11767585547621784516

161 drasked the Archer (level 5, 0/42 HPs)
             Began as a Centaur Hunter on July 9, 2020.
             Killed from afar by Ijyb (14 damage)
             ... with a bolt of acid
             ... on level 3 of the Dungeon.
             The game lasted 00:08:08 (2674 turns).

drasked the Archer (Centaur Hunter)                 Turns: 2674, Time: 00:08:08

Health: 0/42       AC:  0    Str: 15    XL:     5   Next: 18%
Magic:  5/5        EV:  9    Int: 10    God:
Gold:   114        SH:  5    Dex: 10    Spells: 4/4 levels left

rFire    + . .     SeeInvis .   a - +2 shortbow
rCold    + . .     Faith    .   (shield currently unavailable)
rNeg     . . .     Spirit   .   c - +0 leather armour
rPois    .         Reflect  +   (no helmet)
rElec    .         Harm     .   n - scarf {rC+ rF+}
rCorr    .                      (no gloves)
MR       .....                  (no barding)
Stlth    +.........             f - amulet of reflection
HPRegen  0.14/turn              (no ring)
MPRegen  0.09/turn              (no ring)

@: corroded, very quick
A: large, hooves 3, deformed body, speed 2, tough skin 3
a: no special abilities


You were on level 3 of the Dungeon.
You were not hungry.

You visited 1 branch of the dungeon, and saw 3 of its levels.

You collected 114 gold pieces.

Inventory:

Hand Weapons
 a - a +2 shortbow (weapon)
 w - a +1 dagger of venom
   (You took it off a kobold on level 1 of the Dungeon)
Missiles
 Q - 37 arrows (quivered)
Armour
 c - a +0 leather armour (worn)
 n - a scarf of resistance (worn)
   (You found it on level 1 of the Dungeon)
Jewellery
 f - an amulet of reflection (around neck)
   (You took it off a hobgoblin on level 1 of the Dungeon)
Scrolls
 b - a scroll of fog {unknown}
 d - 3 scrolls of enchant weapon
 g - 2 scrolls of noise {unknown}
 l - a scroll of magic mapping {unknown}
 o - a scroll of fear {unknown}
 p - 2 scrolls of blinking {unknown}
 q - 3 scrolls of remove curse {unknown}
 r - 2 scrolls of identify {unknown}
 t - 2 scrolls of teleportation {unknown}
Potions
 h - 2 potions of degeneration {unknown}
 i - a potion of flight {unknown}
 j - a potion of might {unknown}
 k - a potion of curing {unknown}
 m - a potion of invisibility {unknown}
 s - 2 potions of magic {unknown}
Comestibles
 e - 13 rations


   Skills:
 + Level 2.4 Fighting
 * Level 8.1 Bows
 + Level 1.7 Dodging
 - Level 0.4 Stealth


You had 4 spell levels left.
You didn't know any spells.
Your spell library was empty.

Dungeon Overview and Level Annotations

Branches:
Dungeon (3/15)

Altars:
Elyvilon
Xom

Annotations:
D:3 Ijyb


Innate Abilities, Weirdness & Mutations

You have hooves in place of feet.
Armour fits poorly on your strangely shaped body.
You cover ground very quickly.
You have extremely tough skin. (AC +3)


Message History

An orc comes into view. It is wielding a +0 war axe.
The orc shouts!
You hear a shout!
An orc comes into view. It is wielding a -3 dagger.
An orc comes into view. It is wielding a +0 dagger.
The orc shouts!
There are monsters nearby!
Firing (i - inventory)
Q - 45 arrows (quivered)
Aim: an orc, wielding a +0 war axe You shoot an arrow.
The arrow hits the orc.
An orc comes into view. It is wielding a +0 short sword.
Firing (i - inventory)
Q - 44 arrows (quivered)
Aim: an orc, wielding a +0 war axe (severely wounded)
You shoot an arrow. The arrow hits the orc!
You kill the orc!
Firing (i - inventory)
Q - 43 arrows (quivered)
Aim: an orc, wielding a +0 short sword You shoot an arrow.
The arrow closely misses the orc.
Firing (i - inventory)
Q - 42 arrows (quivered)
Aim: an orc, wielding a +0 short sword You shoot an arrow.
The arrow hits the orc.
Firing (i - inventory)
Q - 41 arrows (quivered)
Aim: an orc, wielding a -3 dagger and wearing a +0 chain mail (heavily wounded)
You shoot an arrow.
The arrow hits the orc but does no damage.
Firing (i - inventory)
Q - 40 arrows (quivered)
Aim: an orc, wielding a -3 dagger and wearing a +0 chain mail (heavily wounded)
You shoot an arrow. The arrow hits the orc.
Firing (i - inventory)
Q - 39 arrows (quivered)
Aim: an orc, wielding a -3 dagger and wearing a +0 chain mail (almost dead)
You shoot an arrow. The arrow hits the orc.
You kill the orc!
Firing (i - inventory)
Q - 38 arrows (quivered)
Aim: an orc, wielding a +0 dagger You shoot an arrow.
The arrow hits the orc!
You kill the orc!
Firing (i - inventory)
Q - 37 arrows (quivered)
Aim: an orc, wielding a +0 short sword You shoot an arrow.
The arrow hits the orc!
Firing (i - inventory)
Q - 36 arrows (quivered)
Aim: an orc, wielding a +0 short sword (almost dead)
You shoot an arrow. The arrow hits the orc!
You kill the orc!
Q - 36 arrows (gained 1)
Things that are here:
a +0 short sword; a +0 dagger; an orc corpse
Q - 37 arrows (gained 1)
A bat comes into view.
Things that are here:
a cursed -3 dagger; a +0 chain mail; an arrow A bat is nearby!
Firing (i - inventory)
Q - 37 arrows (quivered)
Aim: a bat You shoot an arrow.
The arrow hits the bat!
You kill the bat!
Q - 37 arrows (gained 1) No target in view!
Q - 38 arrows (gained 1)
Things that are here:
a cursed -3 dagger; a +0 chain mail
Q - 39 arrows (gained 1)
Q - 41 arrows (gained 2)
You see here a +0 war axe.
Q - 42 arrows (gained 1)
You now have 114 gold pieces (gained 10).
Q - 43 arrows (gained 1)
You see here a bat corpse.
h - 2 white potions (gained 1)
t - 2 scrolls labeled HAVUBE MILAC (gained 1)
You see here a cursed -2 club.
There is a stone staircase leading down here.
Ijyb the Twisted Goblin comes into view.
She is wielding a +5 club and carrying a wand of acid (8).
Ijyb shouts!
Firing (i - inventory)
Q - 43 arrows (quivered)
Aim: Ijyb, wielding a +5 club, wearing a +0 chain mail and carrying a wand of acid (8)
You shoot an arrow. The arrow hits Ijyb but does no damage.
Firing (i - inventory)
Q - 42 arrows (quivered)
Aim: Ijyb, wielding a +5 club, wearing a +0 chain mail and carrying a wand of acid (8)
You shoot an arrow. The arrow hits Ijyb but does no damage.
Firing (i - inventory)
Q - 41 arrows (quivered)
Aim: Ijyb, wielding a +5 club, wearing a +0 chain mail and carrying a wand of acid (8)
You shoot an arrow. The arrow hits Ijyb but does no damage.
Firing (i - inventory)
Q - 40 arrows (quivered)
Aim: Ijyb, wielding a +5 club, wearing a +0 chain mail and carrying a wand of acid (8)
You shoot an arrow. The arrow hits Ijyb!
Firing (i - inventory)
Q - 39 arrows (quivered)
Aim: Ijyb, wielding a +5 club, wearing a +0 chain mail and carrying a wand of acid (8) (moderately wounded)
You shoot an arrow. The arrow barely misses Ijyb.
Ijyb zaps a wand.
The bolt of acid hits you!
* * * LOW HITPOINT WARNING * * *
The acid corrodes you!
You are splashed with acid!
* * * LOW HITPOINT WARNING * * *
You are too injured to fight recklessly!
Firing (i - inventory)
Q - 38 arrows (quivered)
Aim: Ijyb, wielding a +5 club, wearing a +0 chain mail and carrying a wand of acid (7) (moderately wounded)
You shoot an arrow. The arrow hits Ijyb but does no damage.
Ijyb screams, "Me kill you!"
Ijyb zaps a wand.
The bolt of acid hits you!
You die...

.# ###P....)..#r.#
.######P#)).(.PPPPP♣
###...##PP..(PPPP
......##♣#♣♣P♣#♣♣
#.....##########
..........#....##
#..........##...#####
............#[......#
......<....[....@...#
.........#..........#
#...................#
#...............g...#
#.........>.....(...#
#...................#
#...<...........(...#
##.......#.......(..#
##.....####


You could see Ijyb.

Levels and vault maps discovered:
D:1:      dpeg_arrival_long_road, layout_loops_ring, minmay_misc_feat_rows
D:2:      layout_basic, lemuel_coloured_pillars_altar,
          chequers_ecumenical_altar_simple_redux, uniq_jessica
D:3:      layout_rooms, old_standard_altar, lexackson_kobold_supper, uniq_ijyb

Notes
Turn   | Place    | Note
-------+----------+-------------------------------------------
     0 | D:1      | drasked the Centaur Hunter began the quest for the Orb.
     0 | D:1      | Reached XP level 1. HP: 17/17 MP: 1/1
    85 | D:1      | Identified a +0 club
   143 | D:1      | Reached XP level 2. HP: 24/24 MP: 2/2
   144 | D:1      | Reached skill level 6 in Bows
   185 | D:1      | Identified a +0 club
   185 | D:1      | Identified a +0 club
   195 | D:1      | Identified an uncursed amulet of reflection
   219 | D:1      | Identified a +0 short sword
   373 | D:1      | Identified a +1 shortbow
   438 | D:1      | Identified a +0 short sword
   510 | D:1      | Identified a +0 short sword
   538 | D:1      | Identified a scarf of resistance (You found it on level 1
                  | of the Dungeon)
   576 | D:1      | Identified a +0 dagger
   581 | D:1      | Reached XP level 3. HP: 29/29 MP: 3/3
   707 | D:1      | Identified a +1 dagger of venom
   890 | D:1      | Identified a +0 short sword
  1051 | D:2      | Identified 2 scrolls of random uselessness
  1052 | D:2      | Identified 4 scrolls of enchant weapon
  1265 | D:2      | Reached skill level 7 in Bows
  1371 | D:2      | Identified a +0 dagger
  1371 | D:2      | Identified a +0 robe
  1371 | D:2      | Noticed Jessica
  1377 | D:2      | Killed Jessica
  1377 | D:2      | Reached XP level 4. HP: 36/36 MP: 4/4
  1421 | D:2      | Identified a +0 chain mail
  1524 | D:2      | Found a shimmering altar of Xom.
  1577 | D:2      | Identified a +0 short sword
  1670 | D:2      | Found a faded altar of an unknown god.
  1944 | D:3      | Reached skill level 8 in Bows
  2161 | D:3      | Identified a +0 dagger
  2163 | D:3      | Identified a cursed -2 club
  2238 | D:3      | Identified a +0 club
  2243 | D:3      | Reached XP level 5. HP: 39/42 MP: 5/5
  2274 | D:3      | Found a white marble altar of Elyvilon.
  2287 | D:3      | Identified a cursed -1 club
  2287 | D:3      | Identified a +0 robe
  2364 | D:3      | Identified a +0 whip
  2402 | D:3      | Identified a cursed -3 whip
  2402 | D:3      | Identified a +0 dagger
  2410 | D:3      | Identified a +0 dagger
  2412 | D:3      | Identified a +0 dagger
  2481 | D:3      | Identified a +0 war axe
  2481 | D:3      | Identified a cursed -3 dagger
  2481 | D:3      | Identified a +0 chain mail
  2481 | D:3      | Identified a +0 dagger
  2482 | D:3      | Identified a +0 short sword
  2668 | D:3      | Identified a +5 club
  2668 | D:3      | Identified a +0 chain mail
  2668 | D:3      | Noticed Ijyb
  2674 | D:3      | Killed from afar by Ijyb

Table legend:
 A = Turns spent in this place as a percentage of turns spent in the entire game.
 B = Non-inter-level travel turns spent in this place as a percentage of non-inter-level travel turns spent in the entire game.
 C = Inter-level travel turns spent in this place as a percentage of turns spent in this place.
 D = Turns resting spent in this place as a percentage of non-inter-level travel turns spent in this place.
 E = Turns spent auto-exploring this place as a percentage of non-inter-level travel turns spent in this place.
 F = Non-inter-level travel turns spent in this place divided by the number of levels of this place that you've seen.
                   A       B       C       D       E      F
               +-------+-------+-------+-------+-------+----------------------
         Total | 100.0 | 100.0 |   3.4 |  10.2 |  67.9 | 861.3
       Dungeon | 100.0 | 100.0 |   3.4 |  10.2 |  67.9 | 861.3
               +-------+-------+-------+-------+-------+----------------------

Table legend:
 A = Kills in this place as a percentage of kills in entire the game.
 B = Kills by you in this place as a percentage of kills by you in the entire game.
 C = Kills by friends in this place as a percentage of kills by friends in the entire game.
 D = Other kills in this place as a percentage of other kills in the entire game.
 E = Experience gained in this place as a percentage of experience gained in the entire game.
 F = Experience gained in this place divided by the number of levels of this place that you have seen.
                   A       B       C       D       E      F
               +-------+-------+-------+-------+-------+----------------------
         Total | 100.0 | 100.0 |   N/A |   N/A | 100.0 |  76.7
       Dungeon | 100.0 | 100.0 |   N/A |   N/A | 100.0 |  76.7
               +-------+-------+-------+-------+-------+----------------------

Skill      XL: |  1  2  3  4 |
---------------+-------------+-----
Bows           | 6 7 8 |  8.1
Fighting       | |  2.4
Dodging        | |  1.7
Stealth        | |  0.4

Action                   |  1- 3 |  4- 6 || total
-------------------------+-------+-------++-------
Melee: Short sword       |    21 |       ||    21
       Kick              |     4 |       ||     4
 Fire: Shortbow          |    89 |   139 ||   228
Throw: Stone             |    12 |       ||    12
  Use: Scroll            |     2 |       ||     2
  Eat: Ration            |       |     1 ||     1
Armor: Leather armour    |     9 |    10 ||    19
Dodge: Dodged            |    19 |     9 ||    28
Block: Other             |     3 |    12 ||    15
       Reflection        |     1 |     5 ||     6

Vanquished Creatures
  Jessica (D:2)
  3 adders
  An ooze (D:1)
  A worm (D:2)
  2 dart slugs
  4 leopard geckos (D:3)
  4 orcs (D:3)
  8 bats
  4 giant cockroaches
  5 goblins
  10 hobgoblins
  5 jackals (D:3)
  21 kobolds
  2 quokkas
  3 frilled lizards
  9 rats
83 creatures vanquished.
